 Dungeon Crawl Stone Soup version 0.20-a0-266-gdedccd6 (webtiles) character file.

512 wazuzu the Spear-Bearer (level 7, -1/50 HPs)
             Began as a Merfolk Skald on Dec 5, 2016.
             Succumbed to a water moccasin's poison
             ... on level 5 of the Dungeon.
             The game lasted 00:13:48 (5710 turns).

wazuzu the Spear-Bearer (Merfolk Skald)             Turns: 5710, Time: 00:13:49

Health: -1/50      AC:  4    Str: 12    XL:     7   Next: 19%
Magic:  9/10       EV: 19    Int: 11    God:
Gold:   274        SH:  0    Dex: 21    Spells: 9/10 levels left

rFire  . . .     SeeInvis .     a - +0 spear
rCold  . . .     Gourm    .     b - +0 leather armour
rNeg   . . .     Faith    .     (no shield)
rPois  .         Spirit   .     j - +0 helmet
rElec  .         Reflect  .     (no cloak)
rCorr  .         Harm     .     (no gloves)
MR     .....                    (no boots)
Stlth  +++.......               (no amulet)
                                (no ring)
                                m - +2 ring of evasion

@: agile, lethally poisoned (-1 -> -48), very slightly contaminated
A: change form in water, swift swim, stealthy swim
a: no special abilities


You were on level 5 of the Dungeon.
You were not hungry.

You visited 1 branch of the dungeon, and saw 5 of its levels.

You collected 274 gold pieces.

Inventory:

Hand Weapons
 a - a +0 spear (weapon)
Armour
 b - a +0 leather armour (worn)
 j - a +0 helmet (worn)
Jewellery
 m - a +2 ring of evasion (left hand)
 o - a +4 amulet of reflection {unknown}
Wands
 t - a wand of flame (20/48)
Scrolls
 e - 2 scrolls of noise {unknown}
 g - 3 scrolls of identify {unknown}
 k - 2 scrolls of enchant armour {unknown}
 n - 4 scrolls of fog {unknown}
 q - a scroll of blinking {unknown}
 r - a scroll of enchant weapon {unknown}
 u - a scroll of recharging {unknown}
Potions
 l - a potion of heal wounds {unknown}
 s - a potion of beneficial mutation {unknown}
 v - a potion of cancellation {unknown}
Books
 c - a book of Battle

   Spells                             Type                      Level
   a - Infusion                       Charms                       1
   b - Shroud of Golubria             Charms/Translocation         2
   c - Song of Slaying                Charms                       2
   d - Spectral Weapon                Hexes/Charms                 3
   e - Regeneration                   Charms/Necromancy            3
Comestibles
 d - 4 bread rations
 f - a slice of pizza
 h - a royal jelly
 p - 6 fruits


   Skills:
 - Level 2.1 Fighting
 + Level 10.6 Polearms
 - Level 0.6 Armour
 * Level 2.1 Dodging
 - Level 2.0 Spellcasting
 - Level 3.2 Charms


You had 9 spell levels left.
You knew the following spells:

 Your Spells              Type           Power        Failure   Level  Hunger
a - Infusion              Chrm           #...         12%         1    ##.....


Dungeon Overview and Level Annotations

Branches:
Dungeon (5/15)
 Temple: D:4-7

Altars:
Kikubaaqudgha
Ru
Trog
Xom
Zin


Message History

You hit the water moccasin but do no damage.
The water moccasin is heavily wounded.
* * * LOW HITPOINT WARNING * * *
You feel sick. The water moccasin bites you.
* * * LOW HITPOINT WARNING * * *
You puncture the water moccasin!
The water moccasin is severely wounded.
* * * LOW HITPOINT WARNING * * *
You feel sick. The water moccasin bites you.
* * * LOW HITPOINT WARNING * * *
You are more poisoned.
The water moccasin poisons you!
You miss the water moccasin.
The water moccasin is severely wounded.
* * * LOW HITPOINT WARNING * * *
You feel sick. The water moccasin barely misses you.
Unknown command.
It was a potion of agility.
You feel agile all of a sudden.
You die...

#.......†..# ..#
####.#####.# ##.#
#####.### #.#####...#
#.......###...#...# .
#.###.#..........###...
#..............).......
#####.#######..........
#........# ##S.###..##
#.......)# ##@.###.##
#<.......# #....#..#
#........# #.##.#..#
#........# ##.##.#.#
######.#####..##...####
#.# #..####.....# #.#
##<#####.###....# #.#
#..##.......###.#
########.###.##.........#


You could see a water moccasin.

Vanquished Creatures
  A phantom (D:3)
  A scorpion (D:5)
  2 hounds
  An orc priest (D:4)
  An iguana (D:4)
  2 worker ants (D:4)
  An orc wizard (D:3)
  4 gnolls
  3 adders
  An adder zombie (D:5)
  5 worms
  3 dart slugs
  4 leopard geckos
  8 orcs
  10 bats
  3 giant cockroaches
  8 goblins
  10 hobgoblins
  6 jackals (D:2)
  3 quokkas
  A ball python (D:1)
  7 frilled lizards
  A jackal skeleton (D:4)
  3 kobolds
  8 rats
97 creatures vanquished.

Notes
Turn   | Place    | Note
-------+----------+-------------------------------------------
     0 | D:1      | wazuzu the Merfolk Skald began the quest for the Orb.
     0 | D:1      | Reached XP level 1. HP: 16/16 MP: 3/3
   230 | D:1      | Reached skill level 4 in Polearms
   230 | D:1      | Reached XP level 2. HP: 22/22 MP: 5/5
   959 | D:1      | Reached XP level 3. HP: 27/27 MP: 6/6
  1049 | D:2      | Reached skill level 5 in Polearms
  1543 | D:2      | Found a sacrificial altar of Ru.
  1548 | D:2      | Reached skill level 6 in Polearms
  1548 | D:2      | Reached XP level 4. HP: 33/33 MP: 7/7
  1960 | D:3      | Noticed a phantom
  1978 | D:3      | HP: 1/33 [poisoned by an adder]
  2304 | D:3      | Found a glowing silver altar of Zin.
  2361 | D:3      | Reached skill level 7 in Polearms
  2363 | D:3      | Reached XP level 5. HP: 15/38 MP: 8/8
  3069 | D:3      | Found a bloodstained altar of Trog.
  3106 | D:3      | Killed a phantom
  3106 | D:3      | Reached skill level 8 in Polearms
  3289 | D:3      | Reached XP level 6. HP: 42/44 MP: 9/9
  3778 | D:4      | Reached skill level 9 in Polearms
  4192 | D:4      | HP: 2/44 [iguana (1)]
  4198 | D:4      | HP: 1/66 [poisoned by a worker ant]
  4206 | D:4      | HP: 1/66 [poisoned by a worker ant]
  4518 | D:4      | Reached skill level 10 in Polearms
  4632 | D:4      | Found an ancient bone altar of Kikubaaqudgha.
  4651 | D:4      | HP: 2/44 [gnoll/whip (5)]
  5202 | D:4      | Found a shimmering altar of Xom.
  5204 | D:4      | Found a burning altar of Makhleb.
  5204 | D:4      | Found a blossoming altar of Fedhas.
  5206 | D:4      | Found a blossoming altar of Fedhas.
  5206 | D:4      | Found a sparkling altar of Nemelex Xobeh.
  5206 | D:4      | Found a glowing silver altar of Zin.
  5261 | D:5      | Entered Level 5 of the Dungeon
  5295 | D:5      | Reached XP level 7. HP: 27/50 MP: 10/10
  5710 | D:5      | Succumbed to a water moccasin's poison

Vault maps used:
D:1:      eino_arrival_cavern_e, hangedman_decor_push, minmay_heptomino_d4
D:2:      first_bread, nicolae_ru_great_annihilating_truth
D:3:      lightli_temple_of_fire, lemuel_doored_altar
D:4:      nicolae_overflow_hidden_temple, doesnt_xom_only_xom
D:5:      uniq_blork_the_orc, uniq_edmund

Skill      XL: |  1  2  3  4  5  6  7 |
---------------+----------------------+-----
Polearms       | 4 6 7 8 10 | 10.6
Dodging        | 2 |  2.1
Fighting       | |  2.1
Armour         | |  0.6
Spellcasting   | |  2.0
Charms         | |  3.2

Action                   |  1- 3 |  4- 6 |  7- 9 || total
-------------------------+-------+-------+-------++-------
Melee: Spear             |   142 |   329 |    57 ||   528
 Cast: Infusion          |     3 |     5 |       ||     8
  Use: Potion            |       |     3 |     1 ||     4
 Stab: Sleeping          |     1 |     3 |       ||     4
       Invisible         |       |     1 |       ||     1
       Paralysed         |       |     1 |       ||     1
  Eat: Chunk             |     2 |    12 |     2 ||    16
Armor: Leather armour    |    15 |    31 |     5 ||    51
Dodge: Dodged            |    63 |   101 |    23 ||   187
